 Dungeon Crawl Stone Soup version 0.28.0-43-g3370ac3207 (webtiles) character file.

Game seed: 434398653559860906

266 demenzo the Chopper (level 6, -1/53 HPs)
             Began as a Minotaur Cinder Acolyte on Mar 13, 2022.
             Was an Elder of Ignis.
             Slain by Grinder (4 damage)
             ... while paralysed by Grinder
             ... on level 3 of the Dungeon.
             The game lasted 00:04:35 (2939 turns).

demenzo the Chopper (Minotaur Cinder Acolyte)       Turns: 2939, Time: 00:04:36

Health: -1/53      AC:  6    Str: 18    XL:     6   Next: 0%
Magic:  6/6        EV:  2    Int: 11    God:    Ignis [****..]
Gold:   100        SH:  0    Dex:  8    Spells: 7/7 levels left

rFire   + . .      SeeInvis .   k - +2 flail "Quithream" {spect, rPois}
rCold   . . .      Faith    .   p - +0 buckler
rNeg    . . .      Spirit   .   r - +0 ring mail
rPois   +          Reflect  .   (helmet restricted)
rElec   .          Harm     .   j - +0 cloak
rCorr   .          Rampage  .   (no gloves)
Will    .....                   (no boots)
Stlth   ..........              (no amulet)
HPRegen 0.17/turn               (no ring)
MPRegen 0.10/turn               (no ring)

@: paralysed
A: horns 2, retaliatory headbutt
a: Renounce Religion, Fiery Armour, Foxfire Swarm, Rising Flame


You were on level 3 of the Dungeon.
You worshipped Ignis.
Ignis was greatly pleased with you.
You visited 1 branch of the dungeon, and saw 3 of its levels.

You collected 100 gold pieces.

Inventory:

Hand Weapons
 a - a -1 hand axe of flaming
 k - the +2 flail "Quithream" (weapon) {spect, rPois}
   (You found it on level 2 of the Dungeon)

   When its wielder attacks, the weapon's spirit leaps out and strikes again.
   The spirit shares a part of any damage it takes with its wielder.
   rPois:     It protects you from poison.
 n - a +0 short sword of venom
Missiles
 e - 39 arrows
 g - a throwing net (quivered)
 h - 3 poisoned darts
 i - 108 stones
 l - 4 silver javelins
Armour
 j - a +0 cloak (worn)
 p - a +0 buckler (worn)
 r - a +0 ring mail (worn)
Jewellery
 u - a ring of wizardry
Scrolls
 d - a scroll of holy word {unknown}
 f - a scroll of identify {unknown}
 o - a scroll of enchant armour {unknown}
 s - a scroll of fog {unknown}
 w - a scroll of noise {unknown}
Potions
 b - a potion of might {unknown}
 c - 3 potions of lignification {unknown}
 m - 2 potions of degeneration {unknown}
 q - a potion of magic {unknown}
 t - a potion of ambrosia {unknown}
 v - a potion of curing {unknown}


   Skills:
 + Level 4.7 Fighting
 * Level 5.6 Axes
 + Level 2.6 Armour
 + Level 2.4 Dodging
 + Level 2.0 Shields
 - Level 1.0 Spellcasting
 - Level 2.1 Fire Magic


You had 7 spell levels left.
You didn't know any spells.
Your spell library contained the following spells:

 Spells                   Type           Power      Damage    Failure   Level
 Scorch                   Fire           10%        2d5       43%         2
 Ensorcelled Hibernation  Hex/Ice        0%         N/A       75%         2
 Spider Form              Tmut/Pois      0%         N/A       92%         3
 Anguish                  Hex/Necr       0%         N/A       100%        4
 Passage of Golubria      Tloc           0%         N/A       100%        4
 Silence                  Hex/Air        0%         N/A       100%        5
 Lehudib's Crystal Spear  Conj/Erth      0%         10d2      100%        8


Dungeon Overview and Level Annotations

Branches:
Dungeon (3/15)

Altars:

Shops:
D:2 (   D:3 =

Annotations:
D:3 Grinder


Innate Abilities, Weirdness & Mutations

You have a pair of horns on your head.
You reflexively headbutt those who attack you in melee.


Message History

Unknown command.
Unknown command.
Unknown command.
Unknown command.
Unknown command.
Unknown command.
Unknown command.
Unknown command.
Unknown command.
Unknown command.
Unknown command.
Your +0 short sword of venom stops dripping with poison.
You feel a bond with the +2 flail "Quithream" {spect, rPois}.
k - the +2 flail "Quithream" (weapon)
{spect, rPois} You closely miss Grinder.
Your headbutt misses Grinder.
Grinder is severely wounded.
Grinder hits you but does no damage. You block Grinder's attack.
You closely miss Grinder.
Grinder is severely wounded.
Grinder hits you.
You sock Grinder!
Grinder is almost dead.
Grinder hits you.
You closely miss Grinder.
Grinder is almost dead.
Grinder gestures at you. Pain shoots through your body!
* * * LOW HITPOINT WARNING * * *
You closely miss Grinder. Your headbutt misses Grinder.
Grinder is almost dead.
Grinder gestures at you. You resist with significant effort.
Grinder gestures at you.
You suddenly lose the ability to move!
Grinder hits you!
* * * LOW HITPOINT WARNING * * *
Grinder gestures at you. You resist with significant effort. Grinder hits you.
You die...

....†............. #.#..##.#
#...
......##'########.##.#.>...#
####
...................#.#######
##'#####.#.######..#.#
#.#...#.#.#....#..#.#
#.#†#.#.#.#.##.#..#.#
#.#.#.#.#......#..#.#
#.#.#.#.#.#.####..#.#
#.#<..#.#.#...5@..#.#
#.#.#.#.#.######..#.#
#.#.#.#.#.> ....#.#
#.#.#.#.### ###.##.#
#.#...#.# #.##.# #.###.#)#
####.# #.....#.###########.#
#######.............#
###############


You could see Grinder.

Vanquished Creatures
  Sigmund (D:2)
  3 gnolls (D:3)
  2 adders
  4 worms
  3 dart slugs
  2 orcs
  2 endoplasms
  4 giant cockroaches
  4 goblins
  4 hobgoblins
  2 jackals (D:1)
  6 kobolds
  2 quokkas (D:2)
  3 ball pythons
  4 bats
  A frilled lizard (D:1)
47 creatures vanquished.

Vanquished Creatures (others)
  35 foxfires
35 creatures vanquished.

Grand Total: 82 creatures vanquished

Notes
Turn   | Place    | Note
-------+----------+-------------------------------------------
     0 | D:1      | demenzo the Minotaur Cinder Acolyte began the quest for the
                  | Orb.
     0 | D:1      | Reached XP level 1. HP: 19/19 MP: 1/1
   247 | D:1      | Reached XP level 2. HP: 27/27 MP: 2/2
   298 | D:1      | Reached skill level 4 in Axes
   458 | D:1      | Reached skill level 1 in Armour
  1114 | D:2      | Noticed Sigmund
  1124 | D:1      | Reached skill level 1 in Dodging
  1164 | D:2      | Found a faded altar of an unknown god.
  1200 | D:2      | Reached XP level 3. HP: 18/33 MP: 3/3
  1440 | D:2      | Identified the +2 flail "Quithream" {spect, rPois}
  1668 | D:2      | Found Erill's Weapon Shop.
  2144 | D:2      | Killed Sigmund
  2145 | D:2      | Reached skill level 5 in Axes
  2145 | D:2      | Reached skill level 1 in Shields
  2145 | D:2      | Reached XP level 4. HP: 41/41 MP: 4/4
  2145 | D:2      | Reached XP level 5. HP: 47/47 MP: 5/5
  2354 | D:3      | Found Gasmik's Jewellery Boutique.
  2843 | D:3      | Reached XP level 6. HP: 53/53 MP: 6/6
  2905 | D:3      | Noticed Grinder
  2924 | D:3      | Paralysed by Grinder for 7 turns
  2936 | D:3      | Paralysed by Grinder for 6 turns
  2939 | D:3      | Slain by Grinder

Illustrated notes

Levels and vault maps discovered:
D:1:      dpeg_arrival_round_a, layout_loops_ring, hangedman_glass_teeth
D:2:      layout_basic, nicolae_ecumenical_pavilion, serial_shops,
          nicolae_diamond_shop, uniq_sigmund
D:3:      layout_basic, serial_shops, nicolae_shop_hallway_plus, uniq_grinder

Skill      XL: |  1  2  3  4  5 |
---------------+----------------+-----
Axes           | 4 5 |  5.6
Armour         | 1 2 |  2.6
Dodging        | 1 2 |  2.4
Fighting       | 4 |  4.7
Shields        | 1 2 |  2.0
Spellcasting   | |  1.0
Fire Magic     | |  2.1

Action                   |  1- 3 |  4- 6 || total
-------------------------+-------+-------++-------
Melee: Hand axe          |    51 |       ||    51
       Headbutt          |    11 |     6 ||    17
       Flail             |    16 |     5 ||    21
       Short sword       |    12 |    32 ||    44
       Punch             |     1 |       ||     1
Invok: Foxfire Swarm     |     1 |     2 ||     3
Armor: Robe              |    28 |       ||    28
       Ring mail         |       |     9 ||     9
Dodge: Dodged            |    48 |     9 ||    57
Block: Buckler           |       |     5 ||     5
